 Dungeon Sprint DCSS version 0.27.1-1-g398f81649c (webtiles) character file.

Game seed: 860233063874841175

2 ugugthedestroyer the Chopper (level 1, -5/20 HPs)
             Began as a Hill Orc Monk on Sept 7, 2021.
             Was a Believer of Beogh.
             Slain by a gnoll (9 damage)
             ... in the Dungeon (Sprint VII: "The Pits").
             The game lasted 00:00:26 (101 turns).

ugugthedestroyer the Chopper (Hill Orc Monk)         Turns: 101, Time: 00:00:27

Health: -5/20      AC:  2    Str: 13    XL:     1   Next: 40%
Magic:  1/1        EV: 12    Int: 10    God:    Beogh [**....]
Gold:   0          SH:  0    Dex: 13    Spells: 0/0 levels left

rFire    . . .     SeeInvis .   i - +2 hand axe
rCold    . . .     Faith    .   (no shield)
rNeg     . . .     Spirit   .   b - +0 robe
rPois    .         Reflect  .   (no helmet)
rElec    .         Harm     .   (no cloak)
rCorr    .         Rampage  .   (no gloves)
Will     .....     NoTele   +   (no boots)
Stlth    ++........             (no amulet)
HPRegen  0.06/turn              (no ring)
MPRegen  0.07/turn              (no ring)

@: no status effects
A: no striking features
a: Renounce Religion, Smiting


You were in the Dungeon.
You worshipped Beogh.
Beogh was pleased with you.
You visited 1 branch

Inventory:

Hand Weapons
 a - a +0 hand axe
 i - a +2 hand axe (weapon)
Armour
 b - a +0 robe (worn)
Scrolls
 h - a scroll of blinking
 k - 5 scrolls of amnesia
 l - a scroll of summoning
Potions
 c - a potion of curing
 d - a potion of heal wounds
 e - a potion of haste
 f - 4 potions of magic
 g - 3 potions of berserk rage
 j - 2 potions of invisibility


   Skills:
 + Level 4.1 Fighting
 + Level 4.5 Axes
 + Level 2.7 Dodging
 + Level 1.7 Stealth


You couldn't memorise any spells.
You didn't know any spells.
Your spell library was empty.

Dungeon Overview and Level Annotations

Branches:
Dungeon (1/1)

Altars:
Ashenzari
Cheibriados
Dithmenos
Elyvilon
Fedhas
Gozag
Hepliaklqana
Kikubaaqudgha
Makhleb
Nemelex Xobeh
Okawaru
Qazlal
Ru
Sif Muna
Trog
Uskayaw
Vehumet
Wu Jian
Xom
Yredelemnul
Zin
The Shining One
Beogh
Jiyva
Lugonu


Message History

There is a viscous altar of Jiyva here.
There is an open door to the Temple (Safe) here.
You see here a frilled lizard corpse.
You open the door.
A giant cockroach and a zombie come into view.
The ball python zombie closely misses you.
The ball python zombie grabs you. The ball python zombie constricts you.
There is an open door here.
You slash the ball python zombie!
The ball python zombie is almost destroyed.
You hit the giant cockroach. The giant cockroach barely misses you.
The ball python zombie closely misses you.
The ball python zombie constricts you.
The giant cockroach waves its antennae.
The giant cockroach bites you.
You hit the ball python zombie.
You destroy the ball python zombie!
Beogh accepts your kill.
You hit the giant cockroach but do no damage.
The giant cockroach bites you.
The giant cockroach bites you but does no damage.
You slash the giant cockroach!
You kill the giant cockroach!
Beogh accepts your kill.
Your Fighting skill increases to level 4!
You see here a giant cockroach corpse.
You open the door.
There is an open door here.
As you open the door, it creaks loudly!
A frilled lizard and a gnoll come into view.
The frilled lizard hisses angrily.
You hit the gnoll but do no damage. The gnoll hits you with a +0 club!
You hit the gnoll.
The gnoll is lightly wounded.
The gnoll hits you with a +0 club.
* * * LOW HITPOINT WARNING * * *
You hit the gnoll.
The gnoll is moderately wounded.
The gnoll hits you with a +0 club!
You die...

#.?(.')))'.##......#..#.
##########.##...........
#.........†.'...........
#+#####'#####......#..#.
#..†'.##...........
#...#.#####'#####++
#####.##.......#
+...#.##.......#
+..lg@##.......#
########...<...#
#.......# #.......#
#.......# #########


You could see a gnoll and a frilled lizard.

Vanquished Creatures
  A giant cockroach (D)
  A ball python zombie (D)
  A frilled lizard (D)
3 creatures vanquished.

Notes
Turn   | Place    | Note
-------+----------+-------------------------------------------
     0 | D        | ugugthedestroyer the Hill Orc Monk began the quest for the
                  | Orb.
     0 | D        | Reached XP level 1. HP: 19/19 MP: 1/1
    51 | D        | Found a bloodstained altar of Trog.
    51 | D        | Found a shimmering blue altar of Sif Muna.
    51 | D        | Found a viscous altar of Jiyva.
    51 | D        | Found a hazy altar of Hepliaklqana.
    51 | D        | Found an opulent altar of Gozag.
    52 | D        | Found a glowing golden altar of the Shining One.
    52 | D        | Found a glowing silver altar of Zin.
    52 | D        | Found a basalt altar of Yredelemnul.
    52 | D        | Found a shimmering altar of Xom.
    52 | D        | Found an ornate altar of the Wu Jian Council.
    52 | D        | Found a sacrificial altar of Ru.
    52 | D        | Found a stormy altar of Qazlal.
    52 | D        | Found an iron altar of Okawaru.
    52 | D        | Found a sparkling altar of Nemelex Xobeh.
    52 | D        | Found a burning altar of Makhleb.
    52 | D        | Found a blossoming altar of Fedhas.
    52 | D        | Found a white marble altar of Elyvilon.
    52 | D        | Found a shadowy altar of Dithmenos.
    52 | D        | Found a snail-covered altar of Cheibriados.
    56 | D        | Found a roughly hewn altar of Beogh.
    56 | D        | Found a corrupted altar of Lugonu.
    56 | D        | Found a radiant altar of Vehumet.
    57 | D        | Found a broken altar of Ashenzari.
    57 | D        | Found an ancient bone altar of Kikubaaqudgha.
    57 | D        | Found a hide-covered altar of Uskayaw.
    66 | D        | Became a worshipper of Beogh the Brigand
    66 | D        | Reached * piety under Beogh
    66 | D        | Reached ** piety under Beogh
   101 | D        | Slain by a gnoll

Illustrated notes

Levels and vault maps discovered:
D:        pitsprint [storerooms_1, entrance_room_1, metal_vault_6, armoury_1,
          mini_pit_1, grid_room_1, main_hall_1, silver_pit, the_coven_3,
          the_vestibule_1, steel_vault_5, golden_pit, hallway_of_sentries,
          crystal_vault_1, iron_vault_4, final_vault]

Skill      XL: |  1 |
---------------+----+-----
Fighting       | 4 |  4.1
Axes           | |  4.5
Dodging        | |  2.7
Stealth        | |  1.7

Action                   || total
-------------------------++-------
Melee: Hand axe          ||    10
 Stab: Sleeping          ||     1
Armor: Robe              ||     1
Dodge: Dodged            ||     6
